 Dungeon Crawl Stone Soup version 0.23.2 (webtiles) character file.

Game seed: 1826945065163725753

113 brainwave the Chopper (level 4, -5/41 HPs)
             Began as a Minotaur Berserker on Mar 31, 2019.
             Was a Believer of Trog.
             Killed by divine providence
             ... invoked by an orc priest
              (12 damage)
             ... on level 3 of the Dungeon.
             The game lasted 00:16:14 (2235 turns).

brainwave the Chopper (Minotaur Berserker)          Turns: 2235, Time: 00:16:15

Health: -5/41      AC:  2    Str: 22    XL:     4   Next: 65%
Magic:  3/3        EV: 12    Int:  4    God:    Trog [**....]
Gold:   90         SH:  0    Dex: 10    Spells: 3/3 levels left

rFire    . . .     SeeInvis .   a - +0 hand axe
rCold    . . .     Gourm    .   (no shield)
rNeg     . . .     Faith    .   b - +0 animal skin
rPois    .         Spirit   .   (helmet restricted)
rElec    .         Reflect  .   (no cloak)
rCorr    .         Harm     .   (no gloves)
MR       .....                  (no boots)
Stlth    ++........             (no amulet)
HPRegen  0.13/turn              i - ring of stealth
MPRegen  0.08/turn              (no ring)

@: no status effects
A: retaliatory headbutt, horns 2
a: Berserk, Trog's Hand, Renounce Religion


You were on level 3 of the Dungeon.
You worshipped Trog.
Trog was pleased with you.
You were not hungry.

You visited 1 branch of the dungeon, and saw 3 of its levels.

You collected 90 gold pieces.

Inventory:

Hand Weapons
 a - a +0 hand axe (weapon)
 e - a +0 club
 h - a +2 short sword of protection
 p - a +0 hunting sling
 q - a +0 hunting sling
Missiles
 n - 10 arrows
 o - 4 tomahawks (quivered)
Armour
 b - a +0 animal skin (worn)
 d - a +0 pair of boots
 g - a +1 helmet
 j - a +0 robe
 m - a cursed +0 ring mail
Jewellery
 f - an uncursed ring of ice
 i - a ring of stealth (left hand)
 k - a cursed ring of teleportation
 u - a cursed -2 ring of evasion
Scrolls
 l - 2 scrolls of identify
 r - a scroll of noise {unknown}
 v - a scroll of teleportation {unknown}
Comestibles
 c - 4 rations


   Skills:
 + Level 4.5 Fighting
 + Level 5.5 Axes
 + Level 2.6 Armour
 + Level 2.8 Dodging


You had 3 spell levels left.
You didn't know any spells.
Your spell library was empty.

Dungeon Overview and Level Annotations

Branches:
Dungeon (3/15)

Altars:
Gozag
Vehumet


Innate Abilities, Weirdness & Mutations

You reflexively headbutt those who attack you in melee.
You have a pair of horns on your head.


Message History

You see here a tomahawk.
An orc comes into view. It is wielding a +0 club.
An orc comes into view. It is wielding a +0 short sword.
The orc warrior throws a tomahawk.
The tomahawk hits you!!
Ouch! That really hurt!
* * * LOW HITPOINT WARNING * * *
The orc throws a tomahawk.
The tomahawk closely misses you.
You see here a tomahawk.
It was a potion of agility.
You feel agile all of a sudden.
An orc priest comes into view. It is wielding a +0 club.
The orc warrior throws a tomahawk.
The tomahawk barely misses you.
It was a potion of cancellation.
Your magical effects are unravelling.
You feel magically purged.
You feel a little less agile now.
The orc warrior throws a tomahawk.
The tomahawk misses you.
The orc priest invokes the aid of Beogh against you.
Beogh smites you!
You die...

#........
#........
#........
#........
####+#####....o...
.................o
......#........o..
......#(..s...#
......#(.@.oo.#
......#((.....#
........#######
#+####..# ##..###
#.....# #..†).#
#..>..# #.....#


You could see an orc warrior, an orc priest, 2 orcs and a giant cockroach.

Vanquished Creatures
  5 adders
  An ooze (D:2)
  A worm (D:2)
  A dart slug (D:1)
  4 leopard geckos
  4 bats (D:1)
  3 giant cockroaches
  6 goblins
  2 hobgoblins (D:1)
  8 jackals
  9 kobolds
  2 quokkas (D:2)
  2 frilled lizards
  4 rats
52 creatures vanquished.

Notes
Turn   | Place    | Note
-------+----------+-------------------------------------------
     0 | D:1      | brainwave the Minotaur Berserker began the quest for the
                  | Orb.
     0 | D:1      | Reached XP level 1. HP: 19/19 MP: 0/0
    61 | D:1      | Reached XP level 2. HP: 26/27 MP: 1/1
    64 | D:1      | Reached skill level 4 in Axes
   215 | D:1      | Reached ** piety under Trog
   239 | D:1      | Reached XP level 3. HP: 23/33 MP: 2/2
   691 | D:2      | Found a radiant altar of Vehumet.
  1146 | D:2      | Reached skill level 5 in Axes
  1146 | D:2      | Reached XP level 4. HP: 37/41 MP: 3/3
  1537 | D:2      | Found an opulent altar of Gozag.
  2229 | D:3      | Noticed an orc warrior
  2235 | D:3      | Killed from afar by an orc priest

Skill      XL: |  1  2  3 |
---------------+----------+-----
Axes           | 4 5 |  5.5
Fighting       | 4 |  4.5
Armour         | |  2.6
Dodging        | |  2.8

Action                   |  1- 3 |  4- 6 || total
-------------------------+-------+-------++-------
Melee: Hand axe          |    63 |    37 ||   100
       Headbutt          |     7 |     4 ||    11
Invok: Berserk           |       |     1 ||     1
  Use: Scroll            |     3 |     5 ||     8
       Potion            |       |     2 ||     2
  Eat: Ration            |     1 |     1 ||     2
Armor: Animal skin       |     7 |     5 ||    12
Dodge: Dodged            |    53 |    29 ||    82
